[Event "Centenary THK University 2019"]
[Site "Ankara"]
[Date "2019.05.19"]
[Round "5"]
[White "Aliyev, Elnur"]
[Black "Ozcan, Kadir Kutay"]
[Result "1-0"]
[ECO "A40"]
[WhiteElo "2146"]
[BlackElo "1822"]
[Annotator "NA RC"]
[PlyCount "111"]
[EventDate "2019.05.17"]
[EventType "swiss"]
[EventCountry "TUR"]
[SourceTitle "playchess.com"]
[Source "ChessBase"]
[SourceQuality "1"]
[TimeControl "5400+30"]

1. d4 c6 2. c4 b5 3. e3 (3. c5 d6 4. cxd6 exd6 5. e4 Nf6 6. Bd3 Be7 7. Ne2 O-O 8. O-O Re8 9. f4 d5 10. e5 Ne4 {1-0 (26) Korobov,A (2605)-Fier,A (2581) Beijing 2008}) 3... bxc4 4. Bxc4 d5 5. Bd3 Nf6 6. Nc3 {[%emt 0:00:30] A40: Unusual replies to 1 d4} e6 7. Nf3 Bd6 8. O-O Nbd7 $146 ({Predecessor:} 8... O-O 9. b3 Nbd7 10. Bb2 Re8 {0-1 (33) Sliwerski,R (2200)-Praszak,M (2257) Lublin 2006}) 9. e4 dxe4 10. Nxe4 Nxe4 11. Bxe4 Qc7 12. Qa4 Bb7 13. Bd2 Nf6 14. Ba5 Qd7 15. Bc2 O-O 16. Ne5 Bxe5 17. dxe5 Nd5 18. Qh4 g6 19. Rad1 c5 20. Bd2 f5 21. exf6 Rxf6 22. Bc3 Rff8 23. Qh6 Qf7 24. Be5 Rad8 25. h4 Nb4 26. Rxd8 Rxd8 27. Bb1 Nc6 28. Qe3 Nd4 29. h5 Nf5 30. Qg5 Rd5 31. Re1 a5 32. a3 c4 33. hxg6 (33. Qg4 $18) 33... hxg6 $2 (33... Qxg6 {was necessary.} 34. Qxg6+ hxg6) 34. Bc3 Rb5 35. Qf4 Bd5 36. Qe5 Qg7 37. Qh2 $2 Qh7 38. Qe5 Qg7 39. Qxg7+ ({Better is} 39. Qe2 $18 Qf7 {[#]}) 39... Nxg7 40. Bxg6 Bxg2 41. Kxg2 Rg5+ 42. Kf1 Rxg6 43. Re4 Nf5 44. Rxc4 Ne7 45. Bxa5 Nd5 46. a4 Rf6 47. Ke2 Kf7 48. Bd2 e5 49. Rc5 Rd6 50. b4 Ke6 51. a5 Ne7 52. b5 Nf5 53. Be3 Ne7 54. a6 Nd5 55. Rc1 Rd8 $18 56. b6 1-0

[Event "Centenary THK University 2019"]
[Site "Ankara"]
[Date "2019.05.19"]
[Round "5"]
[White "Buker, Muhittin"]
[Black "Ugur, Cem"]
[Result "1-0"]
[ECO "E94"]
[WhiteElo "1993"]
[BlackElo "1593"]
[Annotator "NA RC"]
[PlyCount "77"]
[EventDate "2019.05.17"]
[EventType "swiss"]
[EventCountry "TUR"]
[SourceTitle "playchess.com"]
[Source "ChessBase"]
[SourceQuality "1"]
[TimeControl "5400+30"]

1. d4 Nf6 2. c4 g6 3. Nc3 Bg7 4. e4 d6 5. Nf3 O-O 6. Be2 e5 7. O-O exd4 8. Nxd4 Re8 9. f3 Nc6 10. Be3 h6 {[%emt 0:04:30] E94: King's Indian: Classical: 6 Be2 e5 7 0-0: Various Black 7th moves} (10... Nh5 11. Qd2 Nf4 12. Rfd1 Nxd4 13. Bxd4 Bxd4+ 14. Qxd4 Nxe2+ 15. Nxe2 b6 16. Nc3 Bb7 17. Nd5 Bxd5 18. cxd5 Qg5 19. Rac1 Rac8 20. Qd2 Qe5 21. Qd4 Qg5 22. Qd2 Qe5 23. Qd4 Qg5 24. Qd2 {½-½ (24) Mamedyarov,S (2772)-Radjabov,T (2710) Shamkir 2017}) 11. Qd2 Kh7 12. Rad1 Bd7 13. Nb3 $146 ({Predecessor:} 13. Rfe1 a6 14. Bf1 Rb8 15. c5 dxc5 16. Nxc6 Bxc6 17. Qf2 Nd7 18. Bxc5 {1-0 (41) Roescher,M (2022)-Kretschmann,M Germany 2008}) 13... a5 14. a4 Nb4 15. Rfe1 c6 16. Bf1 d5 17. cxd5 cxd5 18. exd5 Bf5 19. Nd4 Bd7 20. Bc4 Nfxd5 21. Nxd5 Nxd5 22. Bxd5 Bxa4 23. Bxf7 Rxe3 24. Qxe3 Bxd1 25. Rxd1 Qf6 26. Bb3 Rd8 27. Ne6 Re8 28. Ng5+ hxg5 29. Qxe8 Qb6+ 30. Kf1 Qxb3 31. Qd7 Qc4+ 32. Kg1 b5 33. Qh3+ Kg8 34. Rd8+ Bf8 35. Qd7 Qc1+ 36. Qd1 Qxd1+ 37. Rxd1 Bg7 38. b3 b4 39. Rd5 1-0

[Event "Centenary THK University 2019"]
[Site "Ankara"]
[Date "2019.05.19"]
[Round "5"]
[White "Gozubuyukoglu, Selami"]
[Black "Celikel, Fatih"]
[Result "1/2-1/2"]
[ECO "B33"]
[WhiteElo "1818"]
[BlackElo "1868"]
[Annotator "NA RC"]
[PlyCount "104"]
[EventDate "2019.05.17"]
[EventType "swiss"]
[EventCountry "TUR"]
[SourceTitle "playchess.com"]
[Source "ChessBase"]
[SourceQuality "1"]
[TimeControl "5400+30"]

1. e4 c5 2. Nf3 Nc6 3. d4 cxd4 4. Nxd4 Nf6 5. Nc3 e5 6. Ndb5 d6 7. Bg5 a6 8. Na3 b5 9. Nd5 Be7 10. Bxf6 Bxf6 11. c3 Bg5 12. Nc2 O-O 13. Bd3 Be6 {[%emt 0:01:30] B33: Sicilian: Pelikan and Sveshnikov Variations} (13... Ne7 14. Ncb4 a5 15. Nxe7+ Qxe7 16. Nd5 Qb7 17. Qh5 Bd8 18. Rd1 Be6 19. Bc2 b4 20. O-O bxc3 21. bxc3 Qb2 {1-0 (36) Guliyev,N (2555)-Shirov,A (2705) Venaco 2005}) 14. O-O Ne7 15. Nxe7+ Qxe7 16. Qe2 g6 17. a4 bxa4 18. Rxa4 a5 19. Rfa1 Qc7 $146 ({Predecessor:} 19... Qb7 20. b4 axb4 21. cxb4 Rxa4 22. Rxa4 {½-½ (46) Komora,A (2314)-Salai,L (2355) Slovakia 2012}) 20. Bc4 Bd7 21. R4a3 Rfb8 22. Nb4 Rc8 23. Nd5 Qc6 24. Ne3 Qb6 25. Bd5 Bb5 26. Qf3 Ra7 27. Rb3 Qa6 28. c4 Be8 29. g3 a4 30. Rba3 Qb6 31. b3 Rcc7 32. bxa4 Ra5 33. Ng4 Kg7 34. h4 Bd8 35. Qc3 h5 36. Ne3 Bf6 37. Qc2 Rca7 38. Nd1 Qd4 39. Nc3 Qc5 40. Qb3 Bd7 41. Qb8 $16 Bg4 42. Nb5 Rd7 43. Kg2 Rd8 44. Qb7 Rd7 45. Qc6 Qb4 46. R1a2 Qe1 47. f3 Bh3+ 48. Kxh3 Qh1+ 49. Rh2 Qf1+ 50. Rg2 Qh1+ 51. Rh2 Qf1+ 52. Rg2 Qh1+ 1/2-1/2

[Event "Centenary THK University 2019"]
[Site "Ankara"]
[Date "2019.05.19"]
[Round "5"]
[White "Sekerci, Berkin"]
[Black "Keskin, Suara"]
[Result "1-0"]
[ECO "B07"]
[WhiteElo "1752"]
[BlackElo "1728"]
[Annotator "NA RC"]
[PlyCount "93"]
[EventDate "2019.05.17"]
[EventType "swiss"]
[EventCountry "TUR"]
[SourceTitle "playchess.com"]
[Source "ChessBase"]
[SourceQuality "1"]
[TimeControl "5400+30"]

1. e4 d6 2. d4 Nf6 3. Nc3 g6 4. Be3 Bg7 5. Qd2 O-O 6. O-O-O Nbd7 7. Bh6 c6 8. h4 e5 9. dxe5 dxe5 10. Nf3 Bxh6 11. Qxh6 Ng4 12. Qd2 Qb6 13. h5 Qxf2 14. Qd6 Qc5 15. hxg6 hxg6 16. Rh4 Qxd6 17. Rxd6 Ne3 18. Nd2 Nxf1 19. Nxf1 Kg7 20. Ne3 Rh8 21. Rxh8 Kxh8 22. Nc4 Kg7 23. b4 f6 24. b5 cxb5 25. Nxb5 b6 26. Rc6 Ba6 27. Nc7 Rc8 28. Nd6 Nb8 29. Ne6+ Kg8 30. Rxc8+ Bxc8 31. Nxc8 Nc6 32. Nc7 Kf7 33. Nb5 a6 34. Nc7 a5 35. Nxb6 f5 36. exf5 gxf5 37. Nc4 Kf6 38. Kd2 Kg5 39. Ne6+ Kf6 40. Nc5 Kg5 41. Nb3 a4 42. Nba5 Nb4 43. a3 Nd5 44. Nxe5 Kf4 45. Nac4 Kg3 46. Nd3 Kxg2 47. Ne3+ 1-0

[Event "Centenary THK University 2019"]
[Site "Ankara"]
[Date "2019.05.19"]
[Round "5"]
[White "Genc, Mehmet Emin"]
[Black "Ozalp, Burak"]
[Result "0-1"]
[ECO "B06"]
[WhiteElo "1664"]
[BlackElo "1901"]
[Annotator "NA RC"]
[PlyCount "76"]
[EventDate "2019.05.17"]
[EventType "swiss"]
[EventCountry "TUR"]
[SourceTitle "playchess.com"]
[Source "ChessBase"]
[SourceQuality "1"]
[TimeControl "5400+30"]

1. e4 g6 2. Nf3 Bg7 3. d4 d6 4. Nc3 a6 5. a4 Nf6 6. Bc4 O-O 7. h3 Nxe4 8. Nxe4 d5 9. Bd3 dxe4 10. Bxe4 Nd7 11. Be3 Nf6 12. Bd3 Nd5 13. Bd2 c5 14. c3 cxd4 15. Nxd4 e5 16. Ne2 Bd7 17. O-O Bc6 18. Qc2 Rc8 19. Rfd1 Qh4 20. c4 Nf4 21. Nxf4 exf4 22. Be4 f3 23. gxf3 Qxh3 24. Ra3 Be5 25. f4 Bxe4 26. Rxh3 Bxc2 27. Rc1 Bf5 28. Rb3 Bd4 29. Rxb7 Rfe8 30. b4 Re2 31. Be3 Bxe3 32. fxe3 Rd8 33. c5 Rdd2 34. b5 Rg2+ 35. Kf1 Bd3+ 36. Ke1 Rde2+ 37. Kf1 Ref2+ 38. Ke1 Rf1# 0-1

[Event "Centenary THK University 2019"]
[Site "Ankara"]
[Date "2019.05.19"]
[Round "5"]
[White "Bozdemir, Yusuf"]
[Black "Gok, Irfan"]
[Result "1/2-1/2"]
[ECO "D02"]
[WhiteElo "1619"]
[BlackElo "1739"]
[Annotator "NA RC"]
[PlyCount "117"]
[EventDate "2019.05.17"]
[EventType "swiss"]
[EventCountry "TUR"]
[SourceTitle "playchess.com"]
[Source "ChessBase"]
[SourceQuality "1"]
[TimeControl "5400+30"]

1. d4 d5 2. Nf3 Nf6 3. Bf4 e6 4. e3 Be7 5. Nbd2 O-O 6. Bd3 Nbd7 7. Ne5 c5 8. c3 cxd4 9. exd4 Re8 10. Qf3 Nf8 11. Qh3 Ng6 12. Bg5 Nd7 13. Bxe7 Qxe7 14. Ndf3 Ndxe5 15. Nxe5 Qg5 16. Bxg6 fxg6 17. O-O Rf8 18. Rae1 Qd2 19. Re3 Rf6 20. g4 b6 21. g5 Rf5 22. Nf3 Qxb2 23. Qg3 Qa3 24. Nh4 Rf7 25. Rfe1 Qf8 26. Rf3 Rxf3 27. Nxf3 Qf5 28. Nh4 Qf8 29. Re3 Bd7 30. Qe5 Qb8 31. Nf3 Qxe5 32. Nxe5 Be8 33. Kg2 Kf8 34. Kg3 Ke7 35. Kf4 Bb5 36. Rh3 Rf8+ 37. Ke3 Be8 38. Rxh7 Rg8 39. Ng4 Kd6 40. Ne5 b5 41. Nd3 Bd7 42. Ne5 Be8 43. Kd2 a5 44. a3 Ke7 45. Ke3 Kd6 46. Ng4 Bd7 47. Ne5 Be8 48. Nd3 Bf7 49. f3 Be8 50. Ne5 Ke7 51. Rh4 Rf8 52. Rh7 Rg8 53. Kf2 Kd6 54. Kg3 Ke7 55. Kg4 Kd6 56. Kh4 Ke7 57. Ng4 Kd6 58. f4 Bd7 59. Ne5 1/2-1/2

[Event "Centenary THK University 2019"]
[Site "Ankara"]
[Date "2019.05.19"]
[Round "5"]
[White "Civcer, Omer Faruk"]
[Black "Subasi, Fidel"]
[Result "0-1"]
[ECO "C10"]
[WhiteElo "1471"]
[BlackElo "1702"]
[Annotator "NA RC"]
[PlyCount "102"]
[EventDate "2019.05.17"]
[EventType "swiss"]
[EventCountry "TUR"]
[SourceTitle "playchess.com"]
[Source "ChessBase"]
[SourceQuality "1"]
[TimeControl "5400+30"]

1. e4 e6 2. d4 d5 3. Nd2 dxe4 4. Nxe4 Nd7 5. Nf3 Ngf6 6. Ng3 c5 7. c3 cxd4 8. cxd4 Be7 9. Bd3 O-O 10. O-O b6 11. Ne5 Bb7 12. f4 Rc8 13. Kh1 Qc7 14. Qe2 Rfd8 15. Bd2 Nf8 16. Rac1 Qb8 17. Be3 Qa8 18. Ba6 Bxa6 19. Qxa6 Nd5 20. Bd2 Bb4 21. Qe2 Bxd2 22. Qxd2 Ne7 23. Qf2 Qd5 24. Rxc8 Nxc8 25. Rd1 Qxa2 26. f5 exf5 27. Nxf5 Qd5 28. Ng4 Ng6 29. Rf1 Nd6 30. Nxg7 Ne4 31. Nf6+ Kxg7 32. Nxe4 f5 33. Ng5 h6 34. Nf3 Re8 35. Qg3 f4 36. Qg4 h5 37. Qh3 Re2 38. b3 Kh6 39. Rc1 Rb2 40. Qc8 Qe4 41. Qd8 Rxg2 42. Kxg2 Qe2+ 43. Kg1 Qe3+ 44. Kg2 Qxc1 45. Qg5+ Kg7 46. Nh4 Qd2+ 47. Kf1 Qd1+ 48. Kf2 Qxd4+ 49. Kf1 Qd3+ 50. Kf2 Qe3+ 51. Kf1 Qh3+ 0-1

[Event "Centenary THK University 2019"]
[Site "Ankara"]
[Date "2019.05.19"]
[Round "5"]
[White "Kilic, Gulseren"]
[Black "Sonmez, Yusuf"]
[Result "0-1"]
[ECO "C54"]
[WhiteElo "1454"]
[BlackElo "1329"]
[Annotator "NA RC"]
[PlyCount "68"]
[EventDate "2019.05.17"]
[EventType "swiss"]
[EventCountry "TUR"]
[SourceTitle "playchess.com"]
[Source "ChessBase"]
[SourceQuality "1"]
[TimeControl "5400+30"]

1. e4 e5 2. Nf3 Nc6 3. Bc4 Bc5 4. c3 d6 5. d4 exd4 6. cxd4 Bb4+ 7. Nc3 Nf6 8. O-O O-O 9. Bg5 Bxc3 10. bxc3 Bg4 11. Re1 Re8 12. Re3 h6 13. Bh4 g5 14. Bg3 Nxe4 15. Qb3 Qd7 16. Bd5 Nf6 17. Rae1 Rxe3 18. fxe3 Nxd5 19. Qxd5 Be6 20. Qb5 Bxa2 21. c4 Ne5 22. Qxb7 Nxf3+ 23. gxf3 Qc8 24. Qc6 Rb8 25. Ra1 Rb1+ 26. Rxb1 Bxb1 27. e4 Qb8 28. e5 Qb2 29. Bf2 Qc1+ 30. Kg2 Bd3 31. Qxc7 Bf1+ 32. Kh1 Bh3+ 33. Bg1 Qf1 34. Qd8+ Kh7 0-1

[Event "Centenary THK University 2019"]
[Site "Ankara"]
[Date "2019.05.19"]
[Round "5"]
[White "Oktem, Ege Tuna"]
[Black "Gedik, Ahmet"]
[Result "0-1"]
[ECO "A35"]
[WhiteElo "1235"]
[BlackElo "1438"]
[Annotator "NA RC"]
[PlyCount "85"]
[EventDate "2019.05.17"]
[EventType "swiss"]
[EventCountry "TUR"]
[SourceTitle "playchess.com"]
[Source "ChessBase"]
[SourceQuality "1"]
[TimeControl "5400+30"]

1. d4 Nf6 2. Nf3 c5 3. e3 g6 4. c4 Bg7 5. Be2 O-O 6. O-O cxd4 7. exd4 d5 8. cxd5 Nxd5 9. Nc3 Nc6 10. Be3 e6 11. Qd2 Re8 12. Rfd1 a6 13. Rac1 Qa5 14. a3 Bd7 15. Ne4 Qb6 16. Nd6 Red8 17. Nc4 Qa7 18. Nd6 Nce7 19. Ng5 Be8 20. Nxe8 Rxe8 21. Ne4 Nf5 22. Bf3 Qb6 23. Nc3 Nfe7 24. Nxd5 Nxd5 25. Bxd5 exd5 26. Rc5 Rad8 27. Qa5 Qe6 28. h3 b6 29. Qc3 bxc5 30. Qxc5 Rb8 31. b4 Rec8 32. Qa5 Rc2 33. Qa4 Rbc8 34. b5 axb5 35. Qxb5 Qc6 36. Qa5 Ra8 37. Qe1 Rxa3 38. Bf4 Raa2 39. Bg3 Bxd4 40. Rxd4 Rc1 41. Rd1 Raa1 42. Qe7 Rxd1+ 43. Kh2 0-1

[Event "Centenary THK University 2019"]
[Site "Ankara"]
[Date "2019.05.19"]
[Round "5"]
[White "Onluel, Mert Kaan"]
[Black "Deveci, Huseyin Said"]
[Result "1-0"]
[ECO "C26"]
[WhiteElo "1190"]
[BlackElo "1274"]
[Annotator "NA RC"]
[PlyCount "67"]
[EventDate "2019.05.17"]
[EventType "swiss"]
[EventCountry "TUR"]
[SourceTitle "playchess.com"]
[Source "ChessBase"]
[SourceQuality "1"]
[TimeControl "5400+30"]

1. e4 e5 2. Nc3 Nf6 3. g3 Bb4 4. Bg2 O-O 5. Nge2 Nc6 6. O-O Re8 7. d3 h6 8. h3 d6 9. Be3 Be6 10. f4 exf4 11. Nxf4 Qd7 12. Kh2 Rad8 13. Nce2 Nh7 14. c3 Ba5 15. Nxe6 fxe6 16. Nf4 Ne5 17. Qe2 Nf8 18. d4 Nf7 19. Nh5 e5 20. d5 Bb6 21. Bxb6 axb6 22. h4 Ng6 23. Bh3 Qe7 24. Be6 Ngh8 25. Qg4 g6 26. Rxf7 Qxf7 27. Bxf7+ Kxf7 28. Rf1+ Kg8 29. Nf6+ Kg7 30. Nxe8+ Rxe8 31. Qd7+ Kg8 32. Qxe8+ Kh7 33. Qe7+ Kg8 34. Rf8# 1-0

[Event "Centenary THK University 2019"]
[Site "Ankara"]
[Date "2019.05.19"]
[Round "6"]
[White "Ozalp, Burak"]
[Black "Atayman, Evren"]
[Result "1-0"]
[ECO "B70"]
[WhiteElo "1901"]
[BlackElo "1611"]
[Annotator "NA RC"]
[PlyCount "75"]
[EventDate "2019.05.17"]
[EventType "swiss"]
[EventCountry "TUR"]
[SourceTitle "playchess.com"]
[Source "ChessBase"]
[SourceQuality "1"]
[TimeControl "5400+30"]

1. e4 c5 2. Nf3 d6 3. d4 cxd4 4. Nxd4 Nf6 5. Nc3 g6 6. Be2 Bg7 7. O-O O-O 8. Bg5 Nc6 9. Nb3 Be6 10. Re1 Rc8 11. Bf1 Na5 12. e5 Ne8 13. Nxa5 Qxa5 14. Bxe7 Bxe5 15. Bxf8 Kxf8 16. Rb1 Nf6 17. g3 Qc5 18. Bg2 Ng4 19. Ne4 Qxc2 20. h3 Nxf2 21. Nxf2 Bxg3 22. Re2 Qc5 23. b4 Qb6 24. a4 Bf5 25. Rc1 Rd8 26. Qb3 Be5 27. a5 Qd4 28. Qc4 Rc8 29. Qxd4 Rxc1+ 30. Qd1 Rxd1+ 31. Nxd1 Bd3 32. Rd2 Ba6 33. Bf1 f5 34. Bxa6 bxa6 35. Rc2 d5 36. Rc6 d4 37. Rxa6 d3 38. b5 1-0

[Event "Centenary THK University 2019"]
[Site "Ankara"]
[Date "2019.05.19"]
[Round "6"]
[White "Celikel, Fatih"]
[Black "Sekerci, Berkin"]
[Result "1-0"]
[ECO "D02"]
[WhiteElo "1868"]
[BlackElo "1752"]
[Annotator "NA RC"]
[PlyCount "81"]
[EventDate "2019.05.17"]
[EventType "swiss"]
[EventCountry "TUR"]
[SourceTitle "playchess.com"]
[Source "ChessBase"]
[SourceQuality "1"]
[TimeControl "5400+30"]

1. d4 d5 2. Bf4 Nf6 3. e3 c5 4. c3 Nc6 5. Nd2 Bg4 6. Ngf3 e6 7. Qb3 Qc8 8. Bb5 c4 9. Qa4 a6 10. Bxc6+ Qxc6 11. Qxc6+ bxc6 12. Ne5 c5 13. b3 cxd4 14. exd4 Ba3 15. bxc4 Bb2 16. Rb1 Bxc3 17. Nxg4 Nxg4 18. cxd5 exd5 19. O-O O-O 20. Nb3 Rfe8 21. h3 Nf6 22. Rfc1 Rac8 23. Be3 Ne4 24. Rc2 Bb4 25. Rbc1 Nd6 26. Rc6 a5 27. Rxc8 Rxc8 28. Nc5 Nc4 29. Nd3 Bd6 30. Bf4 Be7 31. Rb1 Bf6 32. Be5 Bxe5 33. dxe5 Kf8 34. Rb5 Rd8 35. a4 g5 36. Rc5 Ke7 37. g3 Ke6 38. Rc6+ Kf5 39. f3 g4 40. Rf6+ Kg5 41. h4+ 1-0

[Event "Centenary THK University 2019"]
[Site "Ankara"]
[Date "2019.05.19"]
[Round "6"]
[White "Ozcan, Kadir Kutay"]
[Black "Bozdemir, Yusuf"]
[Result "1-0"]
[ECO "B19"]
[WhiteElo "1822"]
[BlackElo "1619"]
[Annotator "NA RC"]
[PlyCount "47"]
[EventDate "2019.05.17"]
[EventType "swiss"]
[EventCountry "TUR"]
[SourceTitle "playchess.com"]
[Source "ChessBase"]
[SourceQuality "1"]
[TimeControl "5400+30"]

1. e4 c6 2. d4 d5 3. Nc3 dxe4 4. Nxe4 Bf5 5. Ng3 Bg6 6. h4 h6 7. h5 Bh7 8. Nf3 Nd7 9. Bd3 Bxd3 10. Qxd3 e6 11. Bd2 Ngf6 12. Qe2 Qc7 13. O-O-O O-O-O 14. Kb1 Bd6 15. Ne4 Nxe4 16. Qxe4 Rhe8 17. Qg4 Rg8 18. c4 Nf6 19. Qh4 Nd7 20. c5 Bf8 21. Bf4 Qa5 22. Bg3 b5 23. Qf4 f6 24. Qe4 1-0

[Event "Centenary THK University 2019"]
[Site "Ankara"]
[Date "2019.05.19"]
[Round "6"]
[White "Gok, Irfan"]
[Black "Sinay, Ahmet"]
[Result "1/2-1/2"]
[ECO "A16"]
[WhiteElo "1739"]
[BlackElo "1501"]
[Annotator "NA RC"]
[PlyCount "109"]
[EventDate "2019.05.17"]
[EventType "swiss"]
[EventCountry "TUR"]
[SourceTitle "playchess.com"]
[Source "ChessBase"]
[SourceQuality "1"]
[TimeControl "5400+30"]

1. c4 Nf6 2. Nc3 g6 3. g3 Bg7 4. Bg2 O-O 5. Nf3 d6 6. O-O Nc6 7. Re1 e5 8. d3 h6 9. Rb1 Be6 10. b3 Re8 11. e4 Bg4 12. h3 Bxf3 13. Bxf3 Nd7 14. Nd5 Nf8 15. b4 Nd4 16. Bg2 c6 17. Ne3 Nfe6 18. Ng4 Kh7 19. Rf1 h5 20. Nh2 Rf8 21. Nf3 Nxf3+ 22. Bxf3 Bh6 23. Bxh6 Kxh6 24. Qd2+ Kg7 25. Kg2 Nd4 26. Bd1 h4 27. Qe3 f5 28. f4 Qf6 29. fxe5 Qxe5 30. gxh4 f4 31. Qf2 Rf7 32. Bf3 Rh8 33. Rg1 c5 34. bxc5 dxc5 35. Kh2 b6 36. Rg4 Rh6 37. Rbg1 Kh7 38. Rg5 Qe7 39. h5 Rg7 40. Rxg6 Rgxg6 41. hxg6+ Rxg6 42. Rxg6 Kxg6 43. Qg2+ Kf6 44. Qg4 Qe5 45. Qh4+ Kg6 46. Qg4+ Kf6 47. h4 Nc2 48. Qg8 Ne1 49. Qh8+ Kg6 50. h5+ Kf7 51. Qh7+ Kf8 52. Qh6+ Ke7 53. Qh7+ Kf8 54. Qh6+ Ke7 55. Qh7+ 1/2-1/2

[Event "Centenary THK University 2019"]
[Site "Ankara"]
[Date "2019.05.19"]
[Round "6"]
[White "Keskin, Suara"]
[Black "Incekara, Abuzer"]
[Result "1-0"]
[ECO "D02"]
[WhiteElo "1728"]
[BlackElo "1523"]
[Annotator "NA RC"]
[PlyCount "105"]
[EventDate "2019.05.17"]
[EventType "swiss"]
[EventCountry "TUR"]
[SourceTitle "playchess.com"]
[Source "ChessBase"]
[SourceQuality "1"]
[TimeControl "5400+30"]

1. d4 Nf6 2. Nf3 c5 3. c3 e6 4. Bf4 d5 5. e3 Nc6 6. Nbd2 Bd6 7. Ne5 O-O 8. Bd3 Qc7 9. Ndf3 cxd4 10. cxd4 Nb4 11. Bb1 Ne4 12. a3 f6 13. O-O Nc6 14. Nd3 b6 15. Bxd6 Qxd6 16. Nd2 Ba6 17. Re1 f5 18. f3 Nf6 19. Qa4 Bb7 20. Ba2 Kh8 21. Nf2 Nh5 22. Rad1 Rad8 23. Nf1 Qe7 24. Qc2 Qg5 25. Bb1 Rf7 26. Nh3 Qh6 27. Ng3 g5 28. Nxh5 Qxh5 29. Rf1 Rg8 30. Qe2 Nb8 31. Bd3 Rfg7 32. Nf2 Qf7 33. g4 h5 34. h3 Nd7 35. Kg2 Nf8 36. e4 Ng6 37. Qd2 Nh4+ 38. Kh1 fxg4 39. Nxg4 hxg4 40. fxg4 dxe4 41. Rxf7 Rxf7 42. d5 exd3 43. Qc3+ Rgg7 44. Rxd3 Bxd5+ 45. Kh2 Rf2+ 46. Kg1 Kh7 47. Kxf2 Rf7+ 48. Ke2 Bg2 49. Rd6 Ng6 50. Kd2 Nf4 51. Rd8 Ng6 52. Qc8 Bb7 53. Qxe6 1-0

[Event "Centenary THK University 2019"]
[Site "Ankara"]
[Date "2019.05.19"]
[Round "6"]
[White "Gedik, Ahmet"]
[Black "Onluel, Mert Kaan"]
[Result "0-1"]
[ECO "C60"]
[WhiteElo "1438"]
[BlackElo "1190"]
[Annotator "NA RC"]
[PlyCount "76"]
[EventDate "2019.05.17"]
[EventType "swiss"]
[EventCountry "TUR"]
[SourceTitle "playchess.com"]
[Source "ChessBase"]
[SourceQuality "1"]
[TimeControl "5400+30"]

1. e4 e5 2. Nf3 Nc6 3. Bb5 Nge7 4. c3 g6 5. d3 Bg7 6. Bg5 O-O 7. O-O h6 8. Bd2 d6 9. Qc1 Kh7 10. Be3 f5 11. exf5 Nxf5 12. Bd2 Qf6 13. Na3 Nce7 14. Nc2 c6 15. Ba4 g5 16. Ne3 Ng6 17. Bc2 d5 18. Ng4 Qd6 19. h3 Bd7 20. a4 Kh8 21. Ngh2 Nfh4 22. Bd1 Bf5 23. Be2 Rae8 24. Nxh4 Nxh4 25. f3 Qg6 26. Be1 Rg8 27. Qd2 Bf6 28. a5 Re7 29. Ng4 h5 30. Nxf6 Qxf6 31. Ra4 Ng6 32. Bg3 Nf4 33. Kh1 Qe6 34. Bxf4 gxf4 35. Bd1 Reg7 36. Rf2 Bxh3 37. Bc2 Bxg2+ 38. Rxg2 Qh3+ 0-1

[Event "Centenary THK University 2019"]
[Site "Ankara"]
[Date "2019.05.19"]
[Round "6"]
[White "Sonmez, Yusuf"]
[Black "Demir, Onder"]
[Result "0-1"]
[ECO "B26"]
[WhiteElo "1329"]
[BlackElo "1428"]
[Annotator "NA RC"]
[PlyCount "70"]
[EventDate "2019.05.17"]
[EventType "swiss"]
[EventCountry "TUR"]
[SourceTitle "playchess.com"]
[Source "ChessBase"]
[SourceQuality "1"]
[TimeControl "5400+30"]

1. e4 c5 2. Nc3 Nc6 3. g3 g6 4. Bg2 Bg7 5. Nge2 d6 6. d3 e6 7. Be3 Nge7 8. Qd2 a6 9. Bh6 O-O 10. h4 b5 11. h5 b4 12. Nd1 f6 13. hxg6 hxg6 14. Bxg7 Kxg7 15. Qh6+ Kf7 16. Qh7+ Ke8 17. Nf4 Rf7 18. Qh8+ Kd7 19. Qh3 f5 20. exf5 exf5 21. Bxc6+ Kxc6 22. Qg2+ d5 23. Rh6 Rf6 24. Ne3 Bb7 25. c4 bxc3 26. bxc3 Kc7 27. Rb1 Rb8 28. Rxb7+ Rxb7 29. Nfxd5+ Kb8 30. Nxf6 Qxd3 31. Rh8+ Ka7 32. Nd1 Qd6 33. Ne8 Qe5+ 34. Kd2 Qxh8 35. Nd6 Rd7 0-1

[Event "Centenary THK University 2019"]
[Site "Ankara"]
[Date "2019.05.19"]
[Round "6"]
[White "Muti, Erol"]
[Black "Sozen, Abdullah"]
[Result "0-1"]
[ECO "E21"]
[WhiteElo "1270"]
[BlackElo "1420"]
[Annotator "NA RC"]
[PlyCount "104"]
[EventDate "2019.05.17"]
[EventType "swiss"]
[EventCountry "TUR"]
[SourceTitle "playchess.com"]
[Source "ChessBase"]
[SourceQuality "1"]
[TimeControl "5400+30"]

1. d4 Nf6 2. c4 e6 3. Nc3 Bb4 4. Bd2 O-O 5. Nf3 d6 6. e3 Nc6 7. Bd3 e5 8. O-O Bxc3 9. dxe5 Bxe5 10. Nxe5 dxe5 11. Qc2 Qe7 12. a3 e4 13. Be2 Bg4 14. Bc3 Bxe2 15. Qxe2 Rad8 16. Rad1 Rxd1 17. Rxd1 Rd8 18. h3 Rxd1+ 19. Qxd1 Qd7 20. Qxd7 Nxd7 21. b4 Nce5 22. c5 c6 23. Kf1 Nc4 24. a4 a6 25. Ke2 f5 26. g4 g6 27. f3 Kf7 28. g5 Ke6 29. f4 Kd5 30. a5 Na3 31. Kd1 Kc4 32. Be1 Nb5 33. Kc2 Nf8 34. Bd2 Ne6 35. h4 Nec7 36. Kb2 Nd5 37. Kc2 Nxb4+ 38. Kb2 Nd3+ 39. Ka2 Nxc5 40. Kb2 Nd3+ 41. Kc2 Na3+ 42. Kd1 Kb3 43. Ke2 Nb1 44. Be1 Nxe1 45. Kxe1 c5 46. Kd1 Nc3+ 47. Kd2 c4 48. Ke1 Kc2 49. Kf2 Kd2 50. Kg3 Kxe3 51. h5 Ne2+ 52. Kh4 c3 0-1

[Event "Centenary THK University 2019"]
[Site "Ankara"]
[Date "2019.05.19"]
[Round "6"]
[White "Bicaklioglu, Dilara"]
[Black "Oktem, Ege Tuna"]
[Result "0-1"]
[ECO "C89"]
[WhiteElo "1217"]
[BlackElo "1235"]
[Annotator "NA RC"]
[PlyCount "100"]
[EventDate "2019.05.17"]
[EventType "swiss"]
[EventCountry "TUR"]
[SourceTitle "playchess.com"]
[Source "ChessBase"]
[SourceQuality "1"]
[TimeControl "5400+30"]

1. e4 e5 2. Nf3 Nc6 3. Bb5 a6 4. Ba4 Nf6 5. O-O Be7 6. Re1 b5 7. Bb3 O-O 8. c3 d5 9. exd5 Nxd5 10. Nxe5 Nxe5 11. Rxe5 c6 12. Bxd5 cxd5 13. d4 Bd6 14. Re1 Qh4 15. g3 Qh3 16. Qf3 Bg4 17. Qxd5 Rad8 18. Qg2 Qh5 19. Be3 f5 20. Nd2 f4 21. Bxf4 Bxf4 22. gxf4 Rxf4 23. Re3 Rdf8 24. Rf1 Be2 25. Re5 Bxf1 26. Qd5+ Qf7 27. Nxf1 Rxf2 28. Qxf7+ R2xf7 29. Re2 Rxf1+ 30. Kg2 R1f6 31. b3 Rg6+ 32. Kh3 Rf3+ 33. Kh4 Rxc3 34. Rd2 Rcc6 35. d5 Rcd6 36. a4 Rge6 37. axb5 axb5 38. dxe6 Rxd2 39. Kg4 Rxh2 40. Kf5 Kf8 41. Ke5 Ke7 42. Kd5 Rb2 43. b4 Rxb4 44. Ke5 h5 45. Kf5 h4 46. Ke5 h3 47. Kf5 h2 48. Ke5 h1=Q 49. Kf5 Qe4+ 50. Kg5 Qg4# 0-1